Map: Nightscape LE

Players

Massa - Winner!

  • Race: Terran Terran
  • League: Platinum
  • Spawn Location: 7:00

qqq - Winner!

  • Race: Zerg Zerg
  • Spawn Location: 7:00

PrettyFly

  • Race: Protoss Protoss
  • League: Diamond
  • Spawn Location: 1:00

JackFracas

  • Race: Terran Terran
  • League: Platinum
  • Spawn Location: 1:00

VOD

Have the link to the VOD?

Description

Time

  • Played on: Oct. 10, 2020, 4:56 p.m.
  • Length: 17:07
Show
View Real Time Build Order
Export as new Build Order

Massa Terran - Winner!

Build Orders: Gas First Reaper Expand 

Get SALT Encoding   

  12  0:01  SCV  
  13  0:13  SCV  
  14  0:23  Supply Depot  
  14  0:25  SCV  
  15  0:29  Refinery  
  15  0:44  SCV  
  15  0:45  Barracks  
  16  0:56  SCV  
  17  1:08  SCV  
  17  1:21  SCV  
  18  1:33  SCV  
  18  1:45  SCV  
  19  2:04  Reaper  
  20  2:09  Command Center  
  20  2:18  Orbital Command  
  20  2:22  Supply Depot  
  20  2:30  Factory  
  20  2:36  Marine  
  21  2:50  SCV  
  22  2:56  Refinery  
  22  2:59  Marine  
  22  3:02  SCV  
  24  3:10  Bunker  
  24  3:14  Widow Mine  
  24  3:17  Marine  
  27  3:25  Orbital Command  
  27  3:27  SCV  
  27  3:30  Starport  
  28  3:35  Marine  
  28  3:36  Widow Mine  
  28  3:39  SCV  
  32  3:51  SCV  
  32  3:53  SCV  
  34  4:02  Barracks Reactor  
  34  4:03  SCV  
  34  4:04  Refinery, Factory Tech Lab  
  34  4:06  SCV  
  36  4:15  SCV  
  37  4:17  Engineering Bay  
  37  4:18  SCV  
  37  4:19  Supply Depot  
  37  4:21  Supply Depot  
  38  4:24  Medivac  
  38  4:27  SCV  
  38  4:30  SCV  
  42  4:33  Siege Tank  
  45  4:41  Marine x2  
  45  4:45  SCV x2  
  49  4:54  Liberator  
  49  4:57  SCV x2  
  49  4:59  Marine x2  
  56  5:05  Missile Turret, Siege Tank  
  59  5:09  SCV x2, Missile Turret  
  61  5:15  Missile Turret  
  61  5:17  Marine, Missile Turret  
  62  5:22  Supply Depot  
  62  5:25  Supply Depot  
  62  5:44  SCV x2, Marine x2  
  66  6:01  Marine  
  66  6:03  SCV x2  
  69  6:11  Command Center  
  69  6:15  SCV x2  
  69  6:17  Barracks  
  69  6:18  Barracks  
  71  6:59  SCV x2  
  73  7:06  Refinery  
  73  7:08  Missile Turret  
  73  7:10  Barracks Tech Lab  
  73  7:11  SCV x2, Marine  
  73  7:12  Marine  
  77  7:21  Supply Depot  
  77  7:22  Siege Tank, Supply Depot  
  80  7:23  SCV, Terran Infantry Weapons Level 1  
  80  7:25  Supply Depot  
  80  7:27  Armory  
  80  7:29  Marine x2  
  82  7:31  Starport Reactor  
  82  7:33  Barracks Reactor  
  83  7:47  Marine x2, Supply Depot  
  83  7:48  Supply Depot  
  83  7:49  Supply Depot  
  82  8:03  Command Center  
  82  8:05  Marine  
  83  8:12  Supply Depot  
  83  8:13  Supply Depot x2  
  83  8:15  Engineering Bay  
  86  8:29  Cyclone  
  86  8:30  Missile Turret  
  86  8:37  Supply Depot  
  86  8:39  Supply Depot  
  86  8:41  Supply Depot  
  86  8:50  Missile Turret, Stimpack  
  86  8:52  Marine  
  86  8:53  Marine  
  86  8:54  Marine  
  86  8:55  Marine x2  
  91  9:01  Cyclone  
  94  9:08  Orbital Command  
  94  9:10  Marine x2  
  94  9:11  SCV  
  94  9:12  SCV, Marine x3  
  98  9:23  SCV  
  99  9:24  SCV  
  99  9:28  Marine x2  
  99  9:30  Marine x3  
  105  9:35  SCV  
  105  9:36  SCV  
  107  9:46  Marine x2  
  107  9:47  Marine  
  107  9:48  SCV x2, Marine x2  
  108  10:00  SCV x2  
  108  10:06  Marine  
  111  10:08  SCV  
  111  10:12  SCV x2  
  114  10:15  Refinery, Missile Turret  
  114  10:16  Missile Turret  
  114  10:17  Missile Turret  
  114  10:20  SCV  
  115  10:23  Refinery  
  115  10:24  SCV  
  115  10:25  SCV  
  117  10:30  Combat Shield  
  117  10:32  SCV  
  119  10:35  Marauder  
  119  10:36  SCV, Marine x4  
  119  10:37  SCV, Missile Turret, Siege Tank  
  119  10:38  Missile Turret  
  128  10:44  SCV  
  128  10:48  SCV  
  128  10:49  SCV  
  128  10:54  Marine x4  
  128  10:56  SCV  
  133  10:57  Marauder, Missile Turret  
  133  10:59  Missile Turret  
  133  11:09  Siege Tank  
  136  11:11  Marine  
  136  11:12  Marine x3  
  136  11:13  SCV x3  
  136  11:18  Marauder, Missile Turret  
  145  11:20  Missile Turret  
  145  11:25  SCV x3  
  148  11:29  Marine  
  148  11:30  Terran Infantry Armor Level 1, Marine x3  
  148  11:32  Terran Vehicle And Ship Armor Level 1  
  152  11:37  SCV x3, Medivac, Missile Turret  
  152  11:38  Medivac  
  161  11:40  Marauder  
  161  11:41  Missile Turret  
  161  11:42  Siege Tank  
  164  11:49  SCV x3, Concussive Shells  
  164  11:50  Missile Turret  
  164  11:51  Missile Turret  
  164  11:52  Missile Turret  
  167  11:58  Missile Turret  
  169  12:01  SCV, Marauder  
  169  12:02  SCV  
  169  12:07  Viking x2  
  175  12:11  Missile Turret  
  175  12:13  Missile Turret  
  175  12:18  Orbital Command, Missile Turret  
  175  12:22  Refinery  
  175  12:25  Refinery  
  175  12:35  Command Center  
  175  12:37  Viking x2  
  175  12:38  Missile Turret  
  175  12:39  Missile Turret x2  
  179  12:44  Siege Tank  
  179  12:47  Terran Infantry Weapons Level 2  
  182  12:55  Armory  
  182  12:58  Missile Turret  
  182  12:59  Missile Turret x2  
  181  13:07  Viking x2  
  183  13:16  Siege Tank  
  183  13:18  SCV x4  
  190  13:26  Terran Vehicle Weapons Level 1  
  183  13:30  SCV x3  
  183  13:49  Siege Tank  
  182  14:16  Command Center  
  182  14:17  SCV x4  
  186  14:27  Missile Turret x2  
  186  14:29  SCV x4, Missile Turret  
  190  14:37  Ghost Academy x2  
  190  14:38  Ghost Academy  
  190  14:41  SCV x4  
  194  14:49  Missile Turret  
  194  14:52  Missile Turret  
  194  14:53  SCV x2  
  194  14:54  Missile Turret  
  196  15:08  Ghost Academy  
  196  15:15  Missile Turret  
  196  15:16  Missile Turret  
  196  15:18  SCV x3  
  193  15:49  Marauder, Marine  
  192  15:50  Marine x3  
  185  16:07  Marine  
  185  16:08  Marine x3  
  185  16:10  Marauder  
  167  16:32  Marauder  
  159  16:38  Orbital Command  
  152  16:48  SCV x4  
  153  16:58  Command Center  
  153  17:01  Refinery  
  156  17:02  Missile Turret x3  
  156  17:03  Refinery, Missile Turret  
  156  17:04  Missile Turret  
Show
View Real Time Build Order
Export as new Build Order

qqq Zerg - Winner!

Build Orders: Hatch First 

Get SALT Encoding   

  12  0:03  Drone  
  13  0:08  Drone  
  14  0:37  Hatchery  
  13  0:49  Drone  
  14  1:11  Spawning Pool  
  14  1:13  Drone, Overlord  
  14  1:17  Extractor  
  13  1:20  Drone  
  14  1:40  Drone x2  
  14  1:46  Drone  
  17  1:54  Drone  
  17  1:57  Drone  
  17  1:58  Queen  
  21  2:03  Queen  
  23  2:13  Drone x2  
  25  2:19  Overlord  
  25  2:26  Metabolic Boost  
  25  2:29  Drone  
  26  2:32  Drone  
  27  2:46  Drone x3  
  27  2:47  Zergling x2  
  27  2:51  Zergling x2  
  32  3:00  Zergling x2  
  32  3:02  Zergling x2  
  34  3:07  Zergling x2, Overlord  
  34  3:08  Zergling x2  
  36  3:23  Overlord  
  36  3:24  Overlord  
  35  3:33  Zergling x4  
  36  3:34  Zergling x6  
  36  3:40  Zergling x2  
  40  3:50  Zergling x2  
  40  3:51  Zergling x2  
  42  3:59  Evolution Chamber  
  42  4:00  Drone  
  42  4:01  Drone, Evolution Chamber  
  42  4:02  Drone, Zergling x2  
  44  4:03  Hatchery, Zergling x2  
  44  4:08  Drone x2  
  46  4:10  Zergling x2  
  40  4:32  Zergling x6  
  40  4:33  Drone, Zergling x4  
  40  4:34  Drone x2, Zergling x4  
  47  4:45  Zerg Melee Weapons Level 1  
  47  4:46  Zerg Ground Armor Level 1  
  47  4:48  Drone  
  48  4:55  Lair  
  48  4:56  Zergling x4  
  48  4:58  Drone  
  51  5:08  Drone  
  52  5:17  Drone  
  52  5:18  Queen  
  53  5:45  Drone x2  
  53  5:47  Drone x3, Roach Warren  
  53  5:48  Overlord x2  
  53  5:49  Extractor, Overlord  
  56  5:50  Drone x4, Hatchery  
  56  5:51  Drone  
  60  6:02  Drone  
  61  6:04  Hydralisk Den  
  61  6:06  Drone x3  
  61  6:08  Extractor  
  61  6:09  Extractor, Drone x2  
  63  6:12  Drone  
  63  6:17  Spore Crawler  
  63  6:18  Spore Crawler  
  63  6:20  Drone, Spore Crawler  
  63  6:21  Drone  
  63  6:22  Spore Crawler  
  63  6:23  Drone  
  63  6:26  Drone  
  63  6:27  Drone  
  65  6:33  Spore Crawler  
  65  6:34  Spore Crawler  
  65  6:36  Spore Crawler  
  65  6:38  Drone  
  65  6:39  Drone  
  64  6:40  Spore Crawler  
  64  6:41  Roach  
  64  6:43  Drone  
  62  7:00  Drone x6  
  62  7:01  Drone  
  67  7:02  Roach x3  
  67  7:07  Glial Reconstitution  
  73  7:09  Infestation Pit  
  73  7:11  Zerg Missile Weapons Level 1  
  73  7:13  Drone  
  73  7:14  Drone x3  
  76  7:15  Zergling x2  
  76  7:17  Zergling x2  
  76  7:19  Overlord  
  78  7:35  Drone x2  
  78  7:36  Drone x4  
  84  7:39  Spore Crawler  
  84  7:42  Spine Crawler  
  84  7:43  Hatchery  
  81  7:48  Hive  
  81  7:50  Drone, Zergling x6  
  81  7:51  Drone x2  
  87  8:03  Drone  
  87  8:04  Roach x2  
  87  8:05  Roach  
  94  8:06  Drone x4  
  98  8:20  Extractor  
  98  8:21  Extractor  
  96  8:33  Hydralisk Den  
  93  8:40  Spore Crawler  
  88  8:43  Spore Crawler x2  
  88  8:44  Drone  
  88  8:45  Drone x2, Spore Crawler  
  88  8:46  Spore Crawler  
  88  8:47  Hydralisk x4  
  95  8:54  Muscular Augments  
  95  8:58  Hydralisk x2  
  95  8:59  Spore Crawler  
  95  9:00  Hydralisk, Spore Crawler  
  95  9:01  Drone  
  95  9:02  Drone x2  
  102  9:05  Extractor x2  
  100  9:10  Hydralisk  
  100  9:13  Drone  
  100  9:15  Overlord x2  
  100  9:16  Overlord x2  
  103  9:19  Hatchery  
  103  9:20  Zerg Missile Weapons Level 2  
  102  9:29  Overlord  
  103  9:31  Drone  
  103  9:37  Viper  
  106  9:39  Drone x2  
  106  9:41  Spore Crawler  
  106  9:42  Spore Crawler  
  106  9:43  Drone  
  106  9:44  Drone  
  108  9:56  Hydralisk x3  
  108  9:57  Hydralisk  
  116  10:00  Drone x5  
  116  10:05  Grooved Spines  
  121  10:09  Hatchery  
  121  10:11  Viper  
  123  10:14  Viper  
  126  10:24  Hydralisk x3  
  126  10:27  Drone x3  
  126  10:28  Drone  
  134  10:56  Hydralisk x2  
  134  10:57  Hydralisk x4  
  134  10:58  Drone x3  
  134  11:02  Overlord  
  134  11:03  Overlord x4  
  149  11:04  Overlord  
  149  11:07  Zerg Ground Armor Level 2  
  149  11:14  Drone, Ultralisk Cavern  
  149  11:19  Extractor  
  149  11:21  Extractor  
  149  11:23  Drone x3  
  149  11:24  Drone x3  
  153  11:32  Hydralisk x3  
  157  11:36  Hydralisk x3  
  157  11:37  Hydralisk  
  157  11:38  Drone x3  
  170  11:49  Hydralisk x2  
  170  11:50  Hydralisk  
  170  11:51  Drone x2  
  170  11:52  Drone  
  179  11:54  Spore Crawler  
  179  11:56  Spine Crawler  
  179  11:58  Spore Crawler x2  
  175  12:03  Ultralisk  
  175  12:05  Ultralisk  
  187  12:13  Zergling x8  
  187  12:14  Drone x4  
  187  12:15  Drone x3  
  188  12:37  Drone  
  188  12:38  Drone x7  
  188  12:40  Spore Crawler  
  188  12:41  Spine Crawler  
  194  12:46  Hydralisk x2  
  193  13:24  Ultralisk, Viper  
  137  13:59  Hydralisk x2  
  137  14:00  Hydralisk x7  
  137  14:01  Hydralisk x3  
  137  14:02  Hydralisk x2  
  143  14:03  Ultralisk x3  
  143  14:04  Zergling x2  
  155  14:12  Ultralisk  
  155  14:13  Zergling x8  
  165  14:32  Extractor  
  164  14:40  Extractor  
  164  14:42  Ultralisk x2  
  164  14:43  Extractor, Ultralisk  
  164  14:45  Hydralisk  
  182  14:47  Hydralisk  
  174  15:05  Hydralisk x3  
  174  15:06  Hydralisk x6  
  189  15:07  Drone  
  189  15:08  Drone x7  
  189  15:09  Drone  
  198  15:22  Anabolic Synthesis  
  198  15:28  Drone  
  199  15:50  Hatchery  
  198  16:00  Hatchery  
Show
View Real Time Build Order
Export as new Build Order

PrettyFly Protoss 

Build Orders:  

Get SALT Encoding   

  12  0:00  Probe  
  13  0:13  Probe  
  14  0:17  Pylon  
  14  0:25  Probe (Chrono Boost)  
  15  0:38  Probe (Chrono Boost)  
  15  0:39  Gateway  
  16  0:45  Probe (Chrono Boost)  
  16  0:49  Assimilator  
  17  0:55  Probe  
  18  1:07  Probe (Chrono Boost)  
  19  1:16  Gateway  
  19  1:19  Probe (Chrono Boost)  
  20  1:26  Cybernetics Core  
  20  1:27  Probe (Chrono Boost)  
  21  1:34  Probe  
  22  1:42  Assimilator  
  22  1:44  Pylon  
  22  1:46  Probe  
  23  2:06  Warp Gate  
  23  2:08  Adept x2  
  27  2:15  Probe  
  28  2:25  Twilight Council  
  28  2:39  Nexus  
  28  2:47  Stalker  
  29  2:52  Sentry  
  31  3:50  Probe  
  31  3:53  Pylon  
  32  3:55  Pylon  
  32  3:56  Resonating Glaives (Chrono Boost), Adept  
  32  3:57  Adept  
  36  4:03  Probe, Pylon  
  37  4:10  Gateway  
  37  4:13  Gateway  
  37  4:15  Probe, Robotics Facility  
  38  4:17  Probe  
  38  4:19  Pylon  
  38  4:21  Sentry  
  38  4:22  Sentry  
  26  4:46  Gateway  
  26  4:48  Gateway  
  26  4:50  Shield Battery  
  26  4:56  Gateway  
  26  5:02  Adept  
  28  5:12  Gateway  
  28  5:20  Probe x2 (Chrono Boost)  
  31  5:29  Probe x2 (Chrono Boost)  
  31  5:34  Probe (Chrono Boost)  
  31  5:35  Adept x2  
  36  5:39  Sentry  
  39  5:43  Probe (Chrono Boost)  
  40  5:50  Warp Prism (Chrono Boost)  
  42  6:01  Adept  
  42  6:02  Adept  
  46  6:25  Stalker x2  
  46  6:26  Stalker x2  
  46  6:27  Stalker  
  54  7:00  Probe x2  
  48  7:02  Assimilator  
  48  7:04  Assimilator  
  48  7:05  Pylon  
  48  7:07  Pylon, Robotics Bay  
  48  7:10  Robotics Facility  
  48  7:12  Probe  
  48  7:13  Forge  
  49  7:16  Forge  
  49  7:19  Blink  
  49  7:51  Stalker x2  
  51  7:52  Adept x5  
  51  7:53  Probe  
  51  7:54  Probe  
  65  8:05  Probe  
  65  8:06  Probe  
  65  8:07  Observer (Chrono Boost)  
  68  8:40  Probe x2  
  70  8:51  Colossus  
  70  8:52  Probe  
  70  8:53  Probe  
  78  9:05  Probe x2  
  81  9:17  Probe x2  
  82  9:29  Probe x2  
  82  9:30  Nexus  
  82  9:31  Pylon, Stalker x5  
  90  9:32  Protoss Ground Weapons Level 1 (Chrono Boost), Protoss Ground Armor Level 1 (Chrono Boost)  
  90  9:33  Pylon  
  90  9:36  Assimilator  
  94  9:39  Shield Battery  
  94  9:41  Assimilator  
  94  9:49  Probe x2  
  96  10:03  Colossus x2  
  108  10:11  Pylon  
  108  10:15  Pylon  
  108  10:20  Stalker  
  110  10:29  Observer  
  106  10:57  Warp Prism x2  
  109  11:09  Stargate  
  109  11:11  Extended Thermal Lance (Chrono Boost)  
  109  11:13  Pylon  
  109  11:15  Pylon  
  109  11:17  Pylon  
  109  11:20  Pylon  
  109  11:33  Observer, Immortal  
  109  11:38  Protoss Ground Weapons Level 2, Protoss Ground Armor Level 2  
  114  11:42  Charge (Chrono Boost)  
  114  11:48  Zealot  
  114  11:49  Zealot x6  
  128  11:54  Colossus  
  134  12:19  Zealot  
  134  12:20  Zealot x7  
  142  12:47  Photon Cannon, Colossus  
  142  12:48  Photon Cannon x3  
  142  12:49  Photon Cannon  
  148  12:52  Zealot x2  
  152  13:07  Zealot x4  
  152  13:08  Zealot  
  146  13:24  Zealot x3  
  148  13:37  Zealot x5  
  120  13:49  Zealot x3  
  83  14:12  Probe x2  
  85  14:24  Probe  
  85  14:25  Probe  
  85  14:26  Templar Archives  
  87  14:37  Probe, Stalker x7  
  102  14:40  Sentry  
  102  15:00  Sentry x2  
  106  15:12  Colossus  
  110  15:20  Zealot x2  
  110  15:21  Zealot  
  115  15:40  High Templar x7  
  115  15:41  High Templar  
  130  15:51  Archon x2  
  130  15:52  Archon x2  
  94  16:22  Zealot x5  
  39  16:42  Stalker  
  39  16:43  High Templar  
  39  16:44  High Templar x2  
  34  16:47  Archon  
  34  16:51  High Templar  
Show
View Real Time Build Order
Export as new Build Order

JackFracas Terran 

Build Orders:  

Get SALT Encoding   

  12  0:00  SCV  
  13  0:16  Supply Depot  
  13  0:19  SCV  
  14  0:26  Refinery  
  14  0:31  SCV  
  15  0:44  Barracks  
  15  0:46  SCV  
  16  0:58  Refinery, SCV  
  17  1:10  SCV  
  18  1:39  Command Center  
  18  1:45  Marine  
  19  1:55  SCV  
  20  2:04  Factory  
  20  2:09  SCV  
  20  2:14  Marine  
  22  2:21  SCV  
  23  2:27  Supply Depot  
  23  2:48  Marine  
  23  2:49  SCV  
  23  2:50  Supply Depot  
  25  3:00  Hellion  
  27  3:09  Starport  
  27  3:10  Marine  
  28  3:29  Factory Tech Lab  
  28  3:33  Marine  
  29  3:41  Orbital Command  
  29  3:43  SCV  
  30  3:51  Starport Tech Lab  
  30  3:55  SCV  
  31  4:02  Fusion Core  
  31  4:07  SCV, Siege Tank  
  35  4:19  SCV  
  36  4:26  Marine  
  37  4:51  Battlecruiser  
  43  4:53  Supply Depot  
  43  4:54  Weapon Refit  
  43  4:59  Starport  
  43  5:00  Siege Tank  
  46  5:20  Marine  
  47  5:27  SCV  
  48  5:32  Siege Tank  
  48  5:35  Supply Depot  
  51  5:36  Starport Tech Lab  
  51  5:37  Marine  
  51  5:39  Supply Depot  
  51  5:40  SCV  
  53  5:46  Refinery  
  53  5:47  Refinery  
  53  5:52  SCV  
  54  6:16  Battlecruiser  
  52  7:36  SCV  
  53  7:48  SCV  
  54  7:52  Battlecruiser  
  60  7:59  Armory  
  60  8:00  SCV  
  61  8:12  SCV  
  62  8:24  SCV  
  63  8:36  SCV  
  62  8:48  SCV  
  62  8:54  Barracks  
  63  9:01  SCV  
  63  10:03  Battlecruiser x2  
  75  10:26  SCV  
  75  10:27  SCV  
  77  10:33  Engineering Bay  
  77  10:38  SCV  
  78  10:53  SCV x2  
  74  11:09  Terran Vehicle Weapons Level 1  
  74  11:14  Armory  
  74  11:38  Supply Depot  
  74  11:39  Supply Depot  
  74  11:49  Starport  
  74  11:52  Starport  
  74  12:00  Battlecruiser  
  80  12:07  Command Center  
  80  12:09  Supply Depot  
  80  12:14  Terran Ship Weapons Level 1  
  68  12:45  Starport Tech Lab x2  
  68  13:26  Battlecruiser  
  80  13:27  Battlecruiser x2  
  80  13:29  Battlecruiser  
  92  14:13  Supply Depot  
  92  14:26  Refinery  
  92  14:30  Refinery  
  92  14:36  Battlecruiser  
  92  14:37  Battlecruiser  
  104  15:26  SCV x3  
  107  15:38  SCV x3  
  110  15:50  SCV x3  
Tags
 
Add a new tag
Caveats
  • Supply blocks, unpowered buildings, or Contaminate may cause inaccurate times.
  • Supply counts are checked every 10 seconds.